 Dungeon Crawl Stone Soup version 0.23.2-1-ga50397a6bc (webtiles) character file.

Game seed: 12902440086202959465

6136 KleinerIrrer the Grappler (level 10, 0/63 HPs)
             Began as an Octopode Fighter on May 1, 2019.
             Was an Elder of Okawaru.
             Slain by a warg (14 damage)
             ... on level 9 of the Dungeon.
             The game lasted 00:27:56 (10757 turns).

KleinerIrrer the Grappler (Octopode Fighter)       Turns: 10757, Time: 00:27:57

Health: 0/63       AC:  3    Str: 15    XL:     10   Next: 89%
Magic:  11/13      EV: 21    Int: 18    God:    Okawaru [****..]
Gold:   242        SH: 11    Dex: 12    Spells: 9/9 levels left

rFire    . . .     SeeInvis .     - Unarmed
rCold    . . .     Gourm    .   a - +0 shield
rNeg     . . .     Faith    .   E - +2 hat
rPois    .         Spirit   .   (no amulet)
rElec    .         Reflect  .   h - +3 ring of evasion
rCorr    .         Harm     .   x - +4 ring of intelligence
MR       .....                  (no ring)
Stlth    +++++.....             (no ring)
HPRegen  0.20/turn              (no ring)
MPRegen  0.13/turn              (no ring)
                                (no ring)
                                (no ring)

@: heroism
A: almost no armour, stealthy swim, amphibious, 8 rings, constrict 8, camouflage
1, gelatinous body 1
a: Heroism, Renounce Religion


You were on level 9 of the Dungeon.
You worshipped Okawaru.
Okawaru was greatly pleased with you.
You were not hungry.

You visited 2 branches of the dungeon, and saw 11 of its levels.

You collected 524 gold pieces.
You spent 282 gold pieces at shops.

Inventory:

Hand Weapons
 j - the +6 flail of Turmoil {crush, rPois Str-4 Dex+2 SInv, unknown}
   (You found it on level 9 of the Dungeon)

   It inflicts extra damage upon your enemies.
   It affects your strength (-4).
   It affects your dexterity (+2).
   It protects you from poison.
   It lets you see invisible.
Missiles
 n - 7 curare-tipped needles
 p - 233 stones (quivered)
 s - 7 tomahawks of returning
 B - 6 steel tomahawks
Armour
 a - a +0 shield (worn)
 E - a +2 hat (worn)
Jewellery
 h - a +3 ring of evasion (left tentacle)
 x - a +4 ring of intelligence (right tentacle)
Wands
 g - a wand of clouds (3)
 A - a wand of random effects (25)
Scrolls
 b - a scroll of random uselessness {unknown}
 e - 2 scrolls of blinking
 f - 2 scrolls of fog
 i - a scroll of magic mapping
 l - 5 scrolls of teleportation
 m - 2 scrolls of enchant armour {unknown}
 o - a scroll of identify
 q - 4 scrolls of remove curse
 r - a scroll of immolation
 w - 2 scrolls of enchant weapon
 y - a scroll of vulnerability {unknown}
 G - a scroll of fear
Potions
 d - a potion of ambrosia
 k - a potion of invisibility
 t - 2 potions of mutation
 u - a potion of curing
 v - 3 potions of brilliance
 C - a potion of magic {unknown}
 F - a potion of haste
Comestibles
 c - 13 rations


   Skills:
 * Level 4.0(9.0) Fighting
 + Level 5.8(10.8) Dodging
 + Level 5.6(10.6) Shields
 + Level 13.3(18.3) Unarmed Combat
 - Level 4.3 Invocations


You had 9 spell levels left.
You didn't know any spells.
Your spell library contained the following spells:

 Spells                   Type           Power        Failure   Level  Hunger
 Freeze                   Ice            #...         36%         1    ##.....
 Magic Dart               Conj           #...         36%         1    ##.....
 Summon Small Mammal      Summ           #...         36%         1    ##.....
 Call Imp                 Summ           #.......     50%         2    ###....
 Searing Ray              Conj           #.....       50%         2    ###....
 Throw Frost              Conj/Ice       #.....       50%         2    ###....
 Call Canine Familiar     Summ           #.......     75%         3    ####...
 Dazzling Spray           Conj/Hex       #.....       75%         3    ####...
 Ozocubu's Armour         Chrm/Ice       #.......     75%         3    ####...
 Summon Guardian Golem    Hex/Summ       #.......     75%         3    ####...
 Force Lance              Conj/Tloc      #.......     98%         4    #####..
 Fulminant Prism          Conj/Hex       #.........   98%         4    #####..
 Iskenderun's Mystic Bla  Conj           #.......     98%         4    #####..
 Summon Ice Beast         Ice/Summ       #.......     98%         4    #####..
 Summon Lightning Spire   Summ/Air       #.......     98%         4    #####..
 Throw Icicle             Conj/Ice       #.......     98%         4    #####..


Dungeon Overview and Level Annotations

Branches:
Dungeon (10/15)            Temple (1/1) D:5
   Lair: D:8-11         Orc: D:9-12

Altars:
Cheibriados
Elyvilon
Okawaru
Qazlal
Ru
Xom
Yredelemnul
Zin
The Shining One

Shops:
D:5 *   D:8 ?   D:10 ?


Innate Abilities, Weirdness & Mutations

You cannot wear most types of armour.
You are very stealthy in the water. (Stealth+)
You are amphibious.
You can wear up to eight rings at the same time.
You can use your tentacles to constrict eight enemies at once.
Your skin changes colour to match your surroundings (Stealth+).
Your rubbery body absorbs attacks. (AC +1, EV +1)


Message History

The warg howls!
A warg comes into view.
The warg bites you!
* * * LOW HITPOINT WARNING * * *
You block the warg's attack.
As you read the scroll of fear, it crumbles to dust.
You assume a fearsome visage.
The warg looks frightened! x3
The warg resists with some effort.
The warg looks frightened!
You block the warg's attack.
Cornered, the warg turns to fight!
You block the warg's attack. You block the warg's attack.
You barely miss the warg.
Your tentacle-slap misses the warg.
You block the warg's attack.
You tentacle-slap the warg but do no damage.
The warg bites you!
* * * LOW HITPOINT WARNING * * *
You gain the combat prowess of a mighty hero.
The warg bites you!
You die...

##########...#≈≈P...#
#o###≈≈....# ###
#.#.≈≈≈....# ....
#o#.≈≈≈..P.# ....##
#.#.≈≈≈....# ......
#.≈≈≈....# >.....
#.≈≈≈....# ......
#.≈≈≈....# ......
#.h@≈....# #####
#.≈≈≈....# #
###≈≈P...#...# #
#≈≈....#...# #
#≈≈....#...# #
#####≈≈....#...# #
≈≈≈≈≈≈≈≈....#...# #
≈≈≈≈≈≈≈≈≈....#...# #
..oh..
.......P.....#...#######


You could see a warg.

Vanquished Creatures
  Harold (D:7)
  Pikel (D:6)
  A hornet (D:7)
  4 hippogriffs
  5 wargs (D:9)
  2 black bears
  An orc warrior (D:6)
  An ice beast (D:6)
  2 slaves (D:6)
  A sky beast (D:5)
  4 ogres
  2 phantoms
  A centaur (D:5)
  4 bullfrogs
  A water moccasin skeleton (D:6)
  6 scorpions
  7 killer bees
  4 crimson imps
  2 howler monkeys
  2 bullfrog zombies
  A quasit (D:8)
  3 orc priests
  5 hounds
  A gnoll shaman (D:9)
  2 centaur skeletons
  11 orc wizards
  2 bullfrog skeletons
  2 iguanas
  7 worker ants
  A hound zombie (D:5)
  A hound skeleton (D:6)
  3 gnolls (D:9)
  14 adders
  2 shadow imps
  5 worms
  A dart slug (D:3)
  16 orcs
  2 ball pythons
  8 giant cockroaches
  8 goblins
  8 hobgoblins
  5 jackals
  11 kobolds
  5 quokkas
  9 bats
  2 frilled lizards
  A quokka skeleton (D:6)
  10 rats
  A fungus (D:4)
199 creatures vanquished.

Vanquished Creatures (others)
  A fungus (D:4)
1 creature vanquished.

Grand Total: 200 creatures vanquished

Notes
Turn   | Place    | Note
-------+----------+-------------------------------------------
     0 | D:1      | KleinerIrrer the Octopode Fighter began the quest for the
                  | Orb.
     0 | D:1      | Reached XP level 1. HP: 16/16 MP: 1/1
   269 | D:1      | Reached XP level 2. HP: 21/21 MP: 2/2
   693 | D:1      | Reached skill level 3 in Unarmed Combat
   999 | D:2      | Reached XP level 3. HP: 24/26 MP: 3/3
  1532 | D:2      | Reached skill level 4 in Unarmed Combat
  1560 | D:2      | Reached XP level 4. HP: 31/31 MP: 4/4
  2648 | D:3      | Found a glowing golden altar of the Shining One.
  2720 | D:3      | Found a basalt altar of Yredelemnul.
  2722 | D:3      | Noticed a profane servitor
  2810 | D:3      | Noticed an angel
  2841 | D:4      | Noticed an ogre
  2862 | D:4      | Killed an ogre
  2862 | D:4      | Reached skill level 5 in Unarmed Combat
  2862 | D:4      | Reached XP level 5. HP: 20/36 MP: 5/5
  3525 | D:4      | Reached skill level 6 in Unarmed Combat
  3525 | D:4      | Reached XP level 6. HP: 42/42 MP: 6/6
  3772 | D:4      | Reached skill level 7 in Unarmed Combat
  3929 | D:4      | Found the +7 Singing Sword {slice, sonic wave}
  3940 | D:4      | Reached XP level 7. HP: 46/46 MP: 7/7
  4185 | D:4      | Found a sacrificial altar of Ru.
  4300 | D:4      | Found a white marble altar of Elyvilon.
  4421 | D:5      | Entered Level 5 of the Dungeon
  4657 | D:5      | Reached skill level 8 in Unarmed Combat
  4890 | D:5      | Found Wauxi's Lightly-Used Armoury.
  4921 | D:5      | Found a staircase to the Ecumenical Temple.
  4946 | Temple   | Entered the Ecumenical Temple
  4952 | Temple   | Became a worshipper of Warmaster Okawaru
  5278 | D:5      | Reached skill level 9 in Unarmed Combat
  5278 | D:5      | Reached XP level 8. HP: 15/52 MP: 8/8
  5911 | D:6      | Found a snail-covered altar of Cheibriados.
  5924 | D:6      | Reached skill level 10 in Unarmed Combat
  5924 | D:6      | Reached skill level 1 in Invocations
  5929 | D:6      | Reached * piety under Okawaru
  6010 | D:6      | Found a stormy altar of Qazlal.
  6010 | D:6      | Found a shimmering altar of Xom.
  6615 | D:6      | Noticed Pikel
  6636 | D:6      | Killed Pikel
  6636 | D:6      | Reached ** piety under Okawaru
  6636 | D:6      | Reached skill level 11 in Unarmed Combat
  6636 | D:6      | Reached XP level 9. HP: 53/56 MP: 7/11
  7125 | D:6      | Found a glowing silver altar of Zin.
  7737 | D:7      | Noticed Harold
  7857 | D:7      | You fall through a shaft for 3 floors!
  7857 | D:10     | Entered Level 10 of the Dungeon
  7909 | D:10     | Found Xuziam's Magic Scroll Shoppe.
  7917 | D:10     | Bought a scroll of identify for 24 gold pieces
  7917 | D:10     | Bought a scroll of identify for 24 gold pieces
  7917 | D:10     | Bought a scroll of identify for 24 gold pieces
  7917 | D:10     | Bought a scroll of enchant weapon for 90 gold pieces
  7917 | D:10     | Bought a scroll of teleportation for 36 gold pieces
  7967 | D:10     | Noticed a troll
  8069 | D:9      | Reached skill level 12 in Unarmed Combat
  8351 | D:8      | Reached XP level 10. HP: 63/63 MP: 13/13
  8517 | D:7      | Reached *** piety under Okawaru
  8587 | D:7      | Killed Harold
  8587 | D:7      | Received a gift from Okawaru
  8608 | D:7      | Reached skill level 5 in Shields
  8788 | D:7      | Reached skill level 5 in Dodging
  9297 | D:8      | Reached **** piety under Okawaru
  9309 | D:8      | Reached skill level 13 in Unarmed Combat
  9899 | D:8      | Found Giny's Magic Scroll Shop.
  9906 | D:8      | Bought a scroll of fear for 42 gold pieces
  9906 | D:8      | Bought a scroll of fear for 42 gold pieces
 10011 | D:9      | Got a crude flail
 10757 | D:9      | Slain by a warg

Skill      XL: |  1  2  3  4  5  6  7  8  9 10 |
---------------+-------------------------------+-----
Unarmed Combat | 3 4 5 6 7 9 11 12 13 | 13.3
Invocations    | 2 4 |  4.3
Shields        | 4 5 |  5.6
Dodging        | 4 5 |  5.8
Fighting       | 4 |  4.0

Action                   |  1- 3 |  4- 6 |  7- 9 | 10-12 || total
-------------------------+-------+-------+-------+-------++-------
Melee: Unarmed           |    68 |    98 |   240 |   155 ||   561
       Constrict         |    19 |    25 |    51 |    22 ||   117
       Tentacles         |    13 |    12 |    53 |    26 ||   104
       Punch             |     1 |     1 |    23 |    19 ||    44
Throw: Stone             |     9 |    45 |    11 |     4 ||    69
       Javelin           |       |     8 |    21 |     6 ||    35
Invok: Heroism           |       |       |     7 |     3 ||    10
  Use: Scroll            |       |     4 |     9 |     2 ||    15
       Potion            |       |     1 |     6 |       ||     7
 Stab: Sleeping          |     6 |     6 |     6 |     4 ||    22
       Distracted        |       |       |     1 |     1 ||     2
  Eat: Chunk             |     2 |     7 |    14 |     8 ||    31
Armor: Skin              |     1 |     5 |     9 |     7 ||    22
Dodge: Dodged            |    25 |    32 |   111 |    79 ||   247
Block: Shield            |    23 |    33 |    89 |    68 ||   213
